 Dungeon Crawl Stone Soup version 0.31-a0-164-g2312942fda (webtiles) character file.

Game seed: 9822484168754566740

259 qw the Shooter (level 6, -3/40 HPs)
             Began as a Gargoyle Hunter on June 13, 2023.
             Killed from afar by an orc wizard (11 damage)
             ... with a puff of flame
             ... on level 3 of the Dungeon.
             The game lasted 00:01:01 (2094 turns).

qw the Shooter (Gargoyle Hunter)                    Turns: 2094, Time: 00:01:01

Health: -3/40      AC: 10    Str: 14    XL:     6   Next: 17%
Magic:  6/6        EV: 10    Int: 10    God:
Gold:   193        SH:  0    Dex: 15    Spells: 5/5 levels left

rFire   . . .        Y - +3 shortbow
rCold   . . .        (shield currently unavailable)
rNeg    + . .        d - +0 ring mail
rPois   inf          i - +0 helmet
rElec   +            (no cloak)
rCorr   .            (no gloves)
SInv    .            (no boots)
Will    .....        (no amulet)
Stlth   +            (no ring)
HPRegen 0.26/turn    (no ring)
MPRegen 0.10/turn

%: no passive effects
@: no status effects
A: sickness immunity, AC +4, negative energy resistance 1, electricity
resistance, torment resistance 1, petrification resistance
a: no special abilities


You were on level 3 of the Dungeon.
You visited 1 branch of the dungeon, and saw 3 of its levels.

You collected 193 gold pieces.


Innate Abilities, Weirdness & Mutations

You are immune to sickness and miasma.
Your stone body is resilient. (AC +4)
You are immune to poison.
You resist negative energy. (rN+)
You are resistant to electric shocks. (rElec)
You are resistant to unholy torment.
You are immune to petrification.


   Skills:
 - Level 5.2 Fighting
 + Level 5.5 Ranged Weapons
 - Level 1.1 Armour
 - Level 1.5 Dodging
 - Level 1.1 Stealth


You had 5 spell levels left.
You didn't know any spells.
Your spell library was empty.

Inventory:

Hand Weapons
 Y - a +3 shortbow (weapon)
Armour
 d - a +0 ring mail (worn)
 i - a +0 helmet (worn)
Scrolls
 b - 3 scrolls of teleportation
 e - a scroll of enchant armour {unknown}
 f - a scroll of acquirement {unknown}
 h - 2 scrolls of identify
Potions
 a - a potion of mutation
 c - a potion of lignification
 l - a potion of heal wounds

Dungeon Overview and Level Annotations

Branches:
Dungeon (3/15)

Altars:

Annotations:
D:2 1 runed translucent door, Crazy Yiuf


Message History

A magic dart appears from out of thin air!
The magic dart hits you. Something hits you but does no damage.
You shoot an arrow.
An orc wizard appears from thin air!
Reactivating autopickup.
The orc wizard hits you but does no damage.
Something hits you.
Deactivating autopickup; reactivate with Ctrl-A.
The orc wizard hits you but does no damage.
Something hits you.
2085 ||| DRINKING 2 potions of heal wounds.
You feel much better. The orc wizard barely misses you.
You hear some strange, mumbled words.
A puff of flame appears from out of thin air!
The puff of flame hits you!
The orc wizard hits you with a +0 dagger.
Something hits you.
The orc wizard hits you with a +0 dagger.
Something hits you.
You feel less confused. The orc wizard closely misses you. Something hits you.
You shoot an arrow. The arrow hits the orc wizard!
The orc wizard is heavily wounded.
The orc wizard casts a spell.
The orc wizard flickers and vanishes!
Something hits you. x2
Something hits you but does no damage.
You shoot an arrow.
Something hits you but does no damage. x2
You shoot an arrow. Something hits you but does no damage. Something hits you.
You shoot an arrow.
Something hits you but does no damage. x2
You shoot an arrow. Something hits you. Something hits you but does no damage.
You shoot an arrow.
You hear some strange, mumbled words.
A puff of flame appears from out of thin air!
The puff of flame hits you!
You die...

#...........# #...
##<.........#######...
#..............##....
##.....>...........>.
##..................
###.##.............
##.##.............
#...#.............
#@{.#.............
#{).#..........%..
.ooK......##............
.....##...###.....##....
...o #...# #########...
##. #...# ######...## #.
###########......#### #
#...........###### #
#......###### ###


There were no monsters in sight!

Vanquished Creatures
  Sigmund (D:1)
  3 adders
  A worm (D:2)
  4 dart slugs
  2 orcs (D:3)
  8 bats
  5 endoplasms
  A giant cockroach (D:2)
  6 goblins
  8 hobgoblins
  4 jackals (D:1)
  5 kobolds
  3 quokkas
  6 ball pythons
  3 frilled lizards
  6 rats
66 creatures vanquished.

Notes
Turn   | Place    | Note
-------+----------+-------------------------------------------
     0 | D:1      | qw the Gargoyle Hunter began the quest for the Orb.
     0 | D:1      | Reached XP level 1. HP: 12/12 MP: 1/1
     0 | D:1      | 0 ||| qw: Version: 0.2-a-29-gc1b59c4
     0 | D:1      | 0 ||| qw: Game counter: 4458
     0 | D:1      | 0 ||| qw: Always use a shield: true
     0 | D:1      | 0 ||| qw: God list: Okawaru
     0 | D:1      | 0 ||| qw: Allow faded altars: false
     0 | D:1      | 0 ||| qw: Do Orc after D:15 true
     0 | D:1      | 0 ||| qw: Do second Lair branch before Depths: true
     0 | D:1      | 0 ||| qw: Lair rune preference: random
     0 | D:1      | 0 ||| qw: Plans: Normal, Zot:1-4, Slime:5, God:TSO, Crypt,
                  | Tomb, Abyss, Pan, Hells, Win
     0 | D:1      | 0 ||| PLANNING D:1-11
    71 | D:1      | Reached XP level 2. HP: 13/17 MP: 2/2
   492 | D:1      | Reached XP level 3. HP: 21/21 MP: 3/3
   809 | D:1      | 809 ||| UPGRADING to +0 ring mail.
   819 | D:1      | 819 ||| DROPPING +0 leather armour.
   820 | D:1      | 820 ||| UPGRADING to +0 helmet.
   825 | D:1      | 825 ||| DROPPING ring of flight.
   826 | D:1      | 826 ||| READING scroll labelled BAPNUUCEALL.
   827 | D:1      | 827 ||| READING scroll labelled COULAT MIDGH.
   828 | D:1      | 828 ||| READING 3 scrolls labelled POJAONW OMOGA.
   829 | D:1      | 829 ||| READING scroll labelled GAIKEBYTEO.
   832 | D:1      | 832 ||| DRINKING 2 murky white potions.
   833 | D:1      | 833 ||| READING 2 scrolls of identify.
   833 | D:1      | 833 ||| IDENTIFYING amethyst potion
   834 | D:1      | 834 ||| DROPPING scroll of butterflies.
   866 | D:2      | 866 ||| STAIRDANCE
   930 | D:2      | Reached skill level 1 in Armour
   959 | D:2      | Noticed Sigmund
   961 | D:2      | 961 ||| FLEEEEING.
   965 | D:2      | 965 ||| FLEEEEING.
   966 | D:2      | 966 ||| FLEEEEING.
   967 | D:2      | 967 ||| FLEEEEING.
   968 | D:2      | 968 ||| FLEEEEING.
   969 | D:2      | 969 ||| FLEEEEING.
   975 | D:2      | 975 ||| FLEEEEING.
   976 | D:2      | 976 ||| FLEEEEING.
   977 | D:2      | 977 ||| FLEEEEING.
   978 | D:2      | 978 ||| FLEEEEING.
   979 | D:2      | 979 ||| FLEEEEING.
   982 | D:2      | 982 ||| STAIRDANCE
  1003 | D:2      | 1003 ||| STAIRDANCE
  1047 | D:2      | 1047 ||| STAIRDANCE
  1051 | D:1      | 1051 ||| DRINKING potion of curing.
  1051 | D:1      | 1051 ||| (to cure confusion)
  1053 | D:1      | Killed Sigmund
  1054 | D:1      | Reached XP level 4. HP: 27/31 MP: 4/4
  1054 | D:1      | Reached XP level 5. HP: 30/35 MP: 5/5
  1440 | D:2      | 1440 ||| READING scroll of enchant weapon.
  1440 | D:2      | 1440 ||| ENCHANTING +1 shortbow.
  1508 | D:2      | Reached XP level 6. HP: 40/40 MP: 6/6
  1550 | D:2      | Found a faded altar of an unknown god.
  1793 | D:2      | Found a runed translucent door.
  1794 | D:2      | Noticed Crazy Yiuf
  1797 | D:2      | 1797 ||| READING scroll labelled FOREOR PILA.
  1798 | D:2      | 1798 ||| READING 4 scrolls of identify.
  1798 | D:2      | 1798 ||| IDENTIFYING fizzy yellow potion
  1799 | D:2      | 1799 ||| READING 3 scrolls of identify.
  1799 | D:2      | 1799 ||| IDENTIFYING purple potion
  1846 | D:3      | 1846 ||| READING scroll of enchant weapon.
  1846 | D:3      | 1846 ||| ENCHANTING +2 shortbow.
  2040 | D:3      | 2040 ||| Stepping ~*~*~tactically~*~*~ (outnumbered).
  2043 | D:3      | 2043 ||| Stepping ~*~*~tactically~*~*~ (outnumbered).
  2084 | D:3      | HP: 9/40 [something (3)]
  2085 | D:3      | 2085 ||| DRINKING 2 potions of heal wounds.
  2089 | D:3      | HP: 10/40 [something (4)]
  2094 | D:3      | Killed from afar by an orc wizard

Levels and vault maps discovered:
D:1:      minmay_arrival_pointy, layout_loops_cross, minmay_misc_feat_room
D:2:      wad_crossroads, layout_loops_ring, shapermc_ecumenical_altar_ellora,
          uniq_sigmund, uniq_crazy_yiuf_cottage
D:3:      layout_rooms, lemuel_tele_altar

Skill      XL: |  1  2  3 |
---------------+----------+-----
Ranged Weapons | 5 |  5.5
Armour         | 1 |  1.1
Fighting       | 5 |  5.2
Dodging        | |  1.5
Stealth        | |  1.1

Action                     |  1- 3 |  4- 6 || total
---------------------------+-------+-------++-------
   Fire: Shortbow          |   124 |   107 ||   231
    Use: Scroll            |     5 |     5 ||    10
         Potion            |     2 |     1 ||     3
 Armour: Leather armour    |    21 |       ||    21
         Ring mail         |     7 |    74 ||    81
  Dodge: Dodged            |    48 |    19 ||    67

Table legend:
 A = Non-vault XP
 B = Vault XP
 C = Vault XP percentage of total XP
 D = Non-vault monster count
 E = Vault monster count
 F = Vault count percentage of total count
                 A         B        C        D         E       F
            +---------+---------+-------+---------+---------+-------
      Total |     138 |     233 |  62.8 |      61 |       5 |   7.6
            +---------+---------+-------+---------+---------+-------
        D:1 |      47 |     214 |  82.0 |      29 |       1 |   3.3
        D:2 |      50 |      19 |  27.5 |      18 |       4 |  18.2
        D:3 |      41 |       0 |   0.0 |      14 |       0 |   0.0
            +---------+---------+-------+---------+---------+-------
